 Dungeon Crawl Stone Soup version 0.30-a0-439-g9e77e4d916 (webtiles) character file.

Game seed: 12730549913143916025

50 cforsyth the Trooper (level 3, -3/33 HPs)
             Began as a Minotaur Berserker on Dec 10, 2022.
             Was a Believer of Trog.
             Slain by an orc
             ... wielding a +0 mace
              (4 damage)
             ... on level 3 of the Dungeon.
             The game lasted 00:01:57 (1895 turns).

cforsyth the Trooper (Minotaur Berserker)           Turns: 1895, Time: 00:01:58

Health: -3/33      AC:  6    Str: 23    XL:     3   Next: 55%
Magic:  2/2        EV: 11    Int:  4    God:    Trog [**....]
Gold:   155        SH:  0    Dex:  9    Spells: 2/2 levels left

rFire   . . .      SeeInvis .    a - +0 hand axe
rCold   . . .      Faith    .    (no shield)
rNeg    . . .      Spirit   .    s - +0 ring mail
rPois   .          Reflect  .    (helmet restricted)
rElec   .          Harm     .    (no cloak)
rCorr   .          Rampage  .    (no gloves)
Will    +....                    q - +0 pair of boots
Stlth   ..........               (no amulet)
HPRegen 0.25/turn                i - ring of willpower
MPRegen 0.08/turn                (no ring)

@: no status effects
A: horns 2, retaliatory headbutt
a: Renounce Religion, Berserk, Trog's Hand


You were on level 3 of the Dungeon.
You worshipped Trog.
Trog was pleased with you.
You visited 1 branch of the dungeon, and saw 3 of its levels.

You collected 155 gold pieces.

Inventory:

Hand Weapons
 a - a +0 hand axe (weapon)
Armour
 b - a +0 animal skin
 q - a +0 pair of boots (worn)
 s - a +0 ring mail (worn)
Jewellery
 i - a ring of willpower (left hand)
Scrolls
 c - 2 scrolls of silence {unknown}
 d - 4 scrolls of teleportation {unknown}
 e - 3 scrolls of identify {unknown}
 g - a scroll of magic mapping {unknown}
 h - 2 scrolls of brand weapon {unknown}
 l - a scroll of enchant armour {unknown}
 m - a scroll of poison {unknown}
 o - a scroll of noise {unknown}
Potions
 f - a potion of mutation {unknown}
 j - a potion of lignification {unknown}
 k - a potion of berserk rage {unknown}
 n - 2 potions of degeneration {unknown}
 p - a potion of flight {unknown}
 r - a potion of cancellation {unknown}
 t - a potion of resistance {unknown}


   Skills:
 + Level 4.2 Fighting
 + Level 4.2 Axes
 + Level 3.1 Armour
 + Level 2.9 Dodging


You had 2 spell levels left.
You didn't know any spells.
Your spell library was empty.

Dungeon Overview and Level Annotations

Branches:
Dungeon (3/15)

Altars:


Innate Abilities, Weirdness & Mutations

You have a pair of horns on your head.
You reflexively headbutt those who attack you in melee.


Message History

You open the door.
There is an open door here.
You open the door.
There is an open door here.
You open the door. As you open the door, it creaks loudly!
No target in view!
No target in view!
No target in view!
There is an open door here.
You open the door.
An orc priest, an orc and 2 orc wizards come into view.
The orc priest mumbles some strange prayers to Beogh against you.
Beogh smites you!
Found 75 gold pieces.
Found a roughly hewn altar of Beogh.
The orc wizard hits you but does no damage.
There is an open door here.
You hit the orc wizard. Your headbutt misses the orc wizard.
The orc wizard is lightly wounded.
You hit the orc wizard but do no damage.
You hit the orc but do no damage. The orc wizard closely misses you.
The orc wizard barely misses you. The orc hits you but does no damage.
You hit the orc wizard but do no damage.
The orc wizard is lightly wounded.
You hit the orc.
You hit the orc wizard but do no damage.
The orc wizard points at you and mumbles some strange words.
The puff of flame misses you. The orc hits you with a +0 mace.
The orc wizard hits you but does no damage.
The orc priest invokes the aid of Beogh against you.
Beogh smites you!
* * * LOW HITPOINT WARNING * * *
Unknown command.
Unknown command.
The orc wizard attacks as you move away!
The orc wizard hits you but does no damage.
The orc wizard casts a spell at you. You resist with almost no effort.
The orc attacks as you move away! The orc hits you with a +0 mace.
You die...

########................#..#.#
......<#...###########.....#.#
########.....##$_$##....#.<#.#
............##$8.8.###..##.#.#
#########...##$..$$# #.....#.# ##
###.##.8o8.# ##.##.#.# .#
#.###oo.# #.......#### .#
#.#.##o### #...........
.##########.#.##@#.# #.##########
.........##.#>##...###.#.........
.........'.............(........>
.........##.#.####.#...#.######..
.........##.#.# #.#.###.# #...
.........##.#.# #.#.# # ##.#.
.........##.#+####.#.# #..#.
.........##......#.#.# #.##.
.........##......#.#.# ##.##.


You could see an orc priest, 2 orc wizards and an orc.

Vanquished Creatures
  A worm (D:2)
  A dart slug (D:3)
  A bat (D:1)
  6 endoplasms
  2 giant cockroaches
  3 goblins
  7 hobgoblins
  4 quokkas
  4 ball pythons
  4 frilled lizards
  5 kobolds
  2 rats
40 creatures vanquished.

Notes
Turn   | Place    | Note
-------+----------+-------------------------------------------
     0 | D:1      | cforsyth the Minotaur Berserker began the quest for the
                  | Orb.
     0 | D:1      | Reached XP level 1. HP: 19/19 MP: 0/0
   163 | D:1      | Reached XP level 2. HP: 27/27 MP: 1/1
   666 | D:2      | Found a faded altar of an unknown god.
   690 | D:2      | Reached ** piety under Trog
   753 | D:2      | Reached XP level 3. HP: 33/33 MP: 2/2
  1893 | D:3      | HP: 1/33 [orc priest/divine providence (15)]
  1895 | D:3      | Slain by an orc

Illustrated notes

Levels and vault maps discovered:
D:1:      psy_arrival_wood_between_worlds, layout_rooms
D:2:      layout_basic, chequers_ecumenical_altar_twisty, chequers_jeans
D:3:      layout_basic, kennysheep_orc_chapel

Skill      XL: |  1  2 |
---------------+-------+-----
Fighting       | 4 |  4.2
Axes           | 4 |  4.2
Armour         | 3 |  3.1
Dodging        | |  2.9

Action                   || total
-------------------------++-------
Melee: Hand axe          ||    91
       Headbutt          ||    12
       Punch             ||     3
Armor: Animal skin       ||    11
       Ring mail         ||     7
Dodge: Dodged            ||    58

Table legend: (Time is in decaauts)
 A = Elapsed time spent in this place.
 B = Non-inter-level travel time spent in this place.
 C = Inter-level travel time spent in this place.
 D = Time resting spent in this place.
 E = Time spent auto-exploring this place.
 F = Levels seen in this place.
 G = Mean time per level.
                   A        B        C        D        E       F      G
               +--------+--------+--------+--------+--------+-----+--------+
         Total |   1903 |   1845 |     58 |      0 |   1557 |   3 |  634.3 |
       Dungeon |   1903 |   1845 |     58 |      0 |   1557 |   3 |  634.3 |
               +--------+--------+--------+--------+--------+-----+--------+

Top non-repeatable levels by time:
     D:2: 820 daAuts
     D:3: 543 daAuts
     D:1: 540 daAuts
